 Dungeon Crawl Stone Soup version 0.20.1-1-g8b1a95d (webtiles) character file.

8201 raph the Reanimator (level 11, 0/96 HPs)
             Began as a Deep Dwarf Necromancer on Nov 11, 2017.
             Was an Elder of Makhleb.
             Slain by Erolcha
             ... wielding a +7 giant spiked club
              (24 damage)
             ... on level 9 of the Dungeon.
             The game lasted 00:47:52 (12424 turns).

raph the Reanimator (Deep Dwarf Necromancer)       Turns: 12424, Time: 00:47:53

Health: 0/96       AC:  5    Str: 12    XL:     11   Next: 6%
Magic:  4/28       EV: 15    Int: 18    God:    Makhleb [****..]
Gold:   372        SH:  0    Dex: 14    Spells: 7/20 levels left

rFire    + . .     SeeInvis .   a - +3 dagger (pain)
rCold    . . .     Gourm    .   (no shield)
rNeg     . . .     Faith    .   j - +0 leather armour
rPois    .         Spirit   .   i - +0 hat
rElec    .         Reflect  .   x - +0 cloak
rCorr    .         Harm     .   D - +0 pair of gloves
MR       +....                  (no boots)
Stlth    ++++......             (no amulet)
Regen    0.0/turn               g - ring of magical power
MPRegen  0.3/turn               E - ring of protection from fire

@: non-regenerating
A: damage resistance, heal wounds, sense surroundings 2, no regeneration
a: Heal Wounds, Minor Destruction, Lesser Servant of Makhleb, Major Destruction,
Renounce Religion


You were on level 9 of the Dungeon.
You worshipped Makhleb.
Makhleb was greatly pleased with you.
You were not hungry.

You visited 2 branches of the dungeon, and saw 10 of its levels.

You collected 372 gold pieces.

Inventory:

Hand Weapons
 a - a +3 dagger of pain (weapon)
 b - a +0 dagger of venom
 e - a +0 dagger of freezing
Missiles
 u - a throwing net (quivered)
 G - 5 silver tomahawks
Armour
 i - a +0 hat (worn)
 j - a +0 leather armour (worn)
 x - a +0 cloak (worn)
 y - a +1 robe of positive energy
 D - a +0 pair of gloves (worn)
Jewellery
 g - a ring of magical power (left hand)
 r - an uncursed ring of poison resistance
 E - a ring of protection from fire (right hand)
Wands
 w - a wand of iceblast (11/15)
 F - a wand of flame (16/48)
Scrolls
 n - a scroll of fog
 p - 11 scrolls of remove curse
 q - 2 scrolls of teleportation
 v - 3 scrolls of fear
 H - a scroll of magic mapping
 J - 3 scrolls of identify
 K - a scroll of recharging
Potions
 d - 6 potions of curing
 h - a potion of magic
 k - 4 potions of flight
 l - 2 potions of haste
 m - 5 potions of heal wounds
 o - 2 potions of lignification
 s - 2 potions of ambrosia
 z - 2 potions of mutation
 C - a potion of invisibility
Books
 A - a book of Necromancy

   Spells                             Type                      Level
   a - Pain                           Necromancy                   1
   b - Animate Skeleton               Necromancy                   1
   c - Vampiric Draining              Necromancy                   3
   d - Regeneration                   Charms/Necromancy            3
   e - Animate Dead                   Necromancy                   4
   f - Control Undead                 Necromancy                   4
Comestibles
 c - 6 bread rations
 f - 5 meat rations
 t - 7 fruits
 B - 5 royal jellies


   Skills:
 + Level 5.4 Fighting
 * Level 5.5 Short Blades
 + Level 7.0 Dodging
 + Level 8.3 Stealth
 + Level 5.3 Spellcasting
 * Level 10.5 Necromancy
 + Level 7.1 Invocations


You had 7 spell levels left.
You knew the following spells:

 Your Spells              Type           Power        Failure   Level  Hunger
a - Pain                  Necr           ####         1%          1    None
b - Animate Skeleton      Necr           N/A          1%          1    None
c - Vampiric Draining     Necr           #####.....   1%          3    ##.....
d - Animate Dead          Necr           N/A          1%          4    ####...
e - Control Undead        Necr           #####.....   1%          4    ####...


Dungeon Overview and Level Annotations

Branches:
Dungeon (9/15)             Temple (1/1) D:4            Lair (0/6) D:9
    Orc (0/2) D:9

Altars:
Ashenzari
Cheibriados
Dithmenos
Elyvilon
Fedhas
Gozag
Hepliaklqana
Kikubaaqudgha
Makhleb
Nemelex Xobeh
Okawaru
Qazlal
Ru
Sif Muna
Trog
Uskayaw
Vehumet
Xom
Yredelemnul
Zin
The Shining One

Annotations:
D:9 Erica, Erolcha


Innate Abilities, Weirdness & Mutations

You are resistant to damage.
You can heal yourself by infusing magical energy.
You passively map the area around you.
You do not regenerate.


Message History

Press: ? - help, Shift-Dir - straight line, f/p - Erolcha
Aim: Erolcha, wielding an enchanted giant spiked club and wearing a robe (moderately wounded, fast) Erolcha is heavily wounded.
You feel life coursing into your body.
Your warg zombie bites Erica but does no damage.
Erolcha points at you and mumbles some strange words.
The bolt of cold hits you!
Your warg zombie bites Erica.
Erolcha hits you with an enchanted giant spiked club!!
* * * LOW HITPOINT WARNING * * *
Casting: Vampiric Draining
Confirm with . or Enter, or press ? or * to list all spells.
Aiming: Vampiric Draining
Press: ? - help, Shift-Dir - straight line, f/p - Erolcha
Aim: Erolcha, wielding an enchanted giant spiked club and wearing a robe (heavily wounded, fast) Erolcha is severely wounded.
You feel life coursing into your body.
Erica hits your warg zombie with a scimitar of flaming!
Erica burns your warg zombie.
Erolcha hits you with an enchanted giant spiked club!!
You die...

.......# #........# ,* #....
.......# #........# , #....
.......# #........# * #.Z..
.......# #........## #.###
.......####).......<. #..##
............#)..#.####### #...#
...........##)..#####...## ##...#
..........##.....###.8.8.###..8..
.####.#####.....@O'))Z)...'......
.# #.# #.[#.#..#..#@#..#..#+#. .#
#.# #.##.##.#.##.# .#.##.## .#
#.# #. .).#.#.#,,. #.#...# .# #.#
#.#(..#.#.# ,.#,#.#...# .# #.# *
##.##.#.# ,## #.##.## .# #.# * #.
..#..#+#.,#..#'#. .# #.# ,,
..#...... #(..).. .# #.# *
##.8.8.*##..8..


You could see Erica, Erolcha and a friendly warg zombie.

Vanquished Creatures
  A two-headed ogre (D:9)
  Pikel (D:4)
  A queen bee (D:8)
  Prince Ribbit (D:5)
  2 hippogriffs (D:8)
  5 yaks
  Duvessa (D:4)
  Edmund (D:3)
  2 porcupines (D:9)
  2 sky beasts
  8 orc warriors
  2 phantoms
  5 ogres
  5 centaurs
  Blork the orc (D:4)
  3 bullfrogs
  Dowan (D:4)
  3 scorpions
  A wight (D:6)
  17 killer bees
  A howler monkey (D:5)
  A bullfrog zombie (D:6)
  3 centaur zombies
  3 hounds
  2 jellies
  2 centaur skeletons
  3 orc priests
  Crazy Yiuf (D:5)
  A gnoll shaman (D:4)
  6 orc wizards
  2 iguanas
  3 worker ants
  2 hound zombies (D:6)
  A hound skeleton (D:7)
  2 howler monkey zombies (D:6)
  4 gnolls (D:4)
  A howler monkey skeleton (D:5)
  8 adders
  An adder skeleton (D:9)
  2 worms
  2 dart slugs
  7 leopard geckos
  44 orcs
  7 giant cockroaches
  9 goblins
  10 hobgoblins
  17 jackals
  8 quokkas
  A ball python (D:4)
  7 bats
  8 frilled lizards
  2 giant cockroach zombies (D:6)
  2 jackal skeletons (D:6)
  4 jackal zombies (D:6)
  11 kobolds
  2 leopard gecko skeletons
  2 leopard gecko zombies (D:6)
  A quokka zombie (D:6)
  11 rats
267 creatures vanquished.

Vanquished Creatures (collateral kills)
  A troll (D:9)
  Grinder (D:5)
  A hippogriff (D:8)
  The ghost of manon the Conjurer, an amateur GrFE (D:5)
  A warg (D:9)
  A black bear (D:8)
  A big kobold (D:7)
  A water moccasin skeleton (D:6)
  3 wights (D:6)
  7 killer bees (D:8)
  2 crimson imps (D:7)
  A bullfrog zombie (D:6)
  A centaur zombie (D:6)
  An orc priest (D:9)
  A killer bee zombie (D:8)
  2 worker ant zombies (D:6)
  3 gnolls (D:4)
  2 shadow imps
  2 adder skeletons (D:6)
  A leopard gecko (D:8)
  An orc (D:8)
  A bat (D:3)
  2 goblins (D:2)
  2 jackals (D:3)
  A kobold (D:7)
  A giant cockroach zombie (D:6)
  A quokka skeleton (D:8)
43 creatures vanquished.

Vanquished Creatures (others)
  A human (D:4)
  A jackal (D:4)
2 creatures vanquished.

Grand Total: 312 creatures vanquished

Notes
Turn   | Place    | Note
-------+----------+-------------------------------------------
     0 | D:1      | raph the Deep Dwarf Necromancer began the quest for the Orb.
     0 | D:1      | Reached XP level 1. HP: 15/15 MP: 3/3
    88 | D:1      | Learned a level 1 spell: Animate Skeleton
   585 | D:1      | Reached XP level 2. HP: 24/24 MP: 4/4
   979 | D:2      | Reached skill level 1 in Fighting
  1320 | D:2      | Found a white marble altar of Elyvilon.
  1320 | D:2      | Found a sparkling altar of Nemelex Xobeh.
  1356 | D:2      | Reached XP level 3. HP: 31/31 MP: 5/5
  1396 | D:2      | Learned a level 3 spell: Vampiric Draining
  1829 | D:2      | Reached skill level 5 in Necromancy
  2298 | D:3      | Noticed a centaur
  2322 | D:3      | Killed a centaur
  2322 | D:3      | Reached XP level 4. HP: 22/38 MP: 7/7
  2322 | D:3      | Reached XP level 5. HP: 25/44 MP: 7/8
  2465 | D:3      | Noticed a centaur
  2473 | D:3      | Killed a centaur
  3064 | D:3      | Learned a level 4 spell: Animate Dead
  3677 | D:4      | Noticed Blork the orc
  3687 | D:4      | Killed Blork the orc
  3687 | D:4      | Reached XP level 6. HP: 25/52 MP: 4/10
  3882 | D:4      | Noticed Duvessa
  3882 | D:4      | Noticed Dowan
  3938 | D:4      | Reached skill level 6 in Necromancy
  4059 | D:4      | Killed Duvessa
  4319 | D:4      | Found a glowing drain.
  4321 | D:4      | Noticed Edmund
  4337 | D:3      | Reached XP level 7. HP: 38/61 MP: 1/11
  4477 | D:3      | Killed Edmund
  4701 | D:4      | Found a staircase to the Ecumenical Temple.
  4712 | Temple   | Entered the Ecumenical Temple
  4890 | Temple   | Became a worshipper of Makhleb the Destroyer
  5009 | D:4      | Killed Dowan
  5073 | D:4      | Reached skill level 7 in Necromancy
  5073 | D:4      | Reached skill level 1 in Invocations
  5182 | D:4      | Found an ancient bone altar of Kikubaaqudgha.
  5182 | D:4      | Noticed a human
  5187 | D:4      | Killed a human
  5355 | D:4      | Found a radiant altar of Vehumet.
  5363 | D:4      | Found a shadowy altar of Dithmenos.
  5366 | D:4      | Found a snail-covered altar of Cheibriados.
  5563 | D:4      | Noticed Pikel
  5575 | D:4      | Killed Pikel
  5575 | D:4      | Reached skill level 1 in Short Blades
  5575 | D:4      | Reached skill level 5 in Dodging
  5575 | D:4      | Reached skill level 5 in Stealth
  5575 | D:4      | Reached XP level 8. HP: 39/69 MP: 1/13
  5935 | D:5      | Entered Level 5 of the Dungeon
  5936 | D:5      | Noticed manon's ghost (amateur GrFE)
  5949 | D:4      | Learned a level 4 spell: Control Undead
  6137 | D:5      | Found a sparkling altar of Nemelex Xobeh.
  6150 | D:5      | Noticed Prince Ribbit
  6164 | D:5      | Reached * piety under Makhleb
  6179 | D:5      | Noticed Grinder
  6950 | D:7      | Reached skill level 8 in Necromancy
  7450 | D:7      | Gained mutation: You passively map the area around you. [Deep Dwarf growth]
  7450 | D:7      | Reached XP level 9. HP: 74/78 MP: 11/15
  7591 | D:7      | Reached ** piety under Makhleb
  8019 | D:7      | Reached skill level 5 in Invocations
  8447 | D:5      | Reached skill level 9 in Necromancy
  8722 | D:5      | Found a runed door.
  8726 | D:5      | Noticed Crazy Yiuf
  8731 | D:5      | Killed Crazy Yiuf
  8821 | D:5      | Killed Prince Ribbit
  8919 | D:5      | Killed Grinder
  8966 | D:5      | Killed manon's ghost
  9154 | D:5      | Reached *** piety under Makhleb
  9455 | D:6      | Reached XP level 10. HP: 79/87 MP: 16/16
 10665 | D:8      | Reached **** piety under Makhleb
 10851 | D:8      | Reached skill level 5 in Fighting
 10851 | D:8      | Reached skill level 10 in Necromancy
 10908 | D:8      | Reached skill level 5 in Spellcasting
 11198 | D:8      | Reached skill level 5 in Short Blades
 11569 | D:9      | Noticed a two-headed ogre
 11591 | D:9      | Killed a two-headed ogre
 11833 | D:9      | Found a staircase to the Lair.
 11923 | D:9      | Reached XP level 11. HP: 57/96 MP: 19/19
 12282 | D:9      | Found a staircase to the Orcish Mines.
 12284 | D:9      | Noticed Erolcha
 12289 | D:9      | Noticed Erica
 12424 | D:9      | Slain by Erolcha

Skill      XL: |  1  2  3  4  5  6  7  8  9 10 11 |
---------------+----------------------------------+-----
Fighting       | 1 2 3 4 5 |  5.4
Spellcasting   | 2 3 4 5 |  5.3
Dodging        | 3 4 5 6 7 |  7.0
Necromancy     | 5 6 7 8 9 10 | 10.5
Stealth        | 3 4 5 6 7 8 |  8.3
Invocations    | 3 4 5 7 |  7.1
Short Blades   | 1 2 3 5 |  5.5

Action                   |  1- 3 |  4- 6 |  7- 9 | 10-12 || total
-------------------------+-------+-------+-------+-------++-------
Melee: Dagger            |     2 |     5 |   276 |   243 ||   526
 Cast: Pain              |    81 |    44 |    80 |    40 ||   245
       Animate Skeleton  |    21 |    14 |    11 |    10 ||    56
       Vampiric Draining |       |    37 |   104 |    57 ||   198
       Animate Dead      |       |     2 |    19 |    18 ||    39
       Control Undead    |       |       |    24 |     3 ||    27
 Abil: Heal Wounds       |       |       |     1 |       ||     1
Evoke: Wand              |       |       |       |     1 ||     1
  Use: Scroll            |     2 |     8 |     6 |     6 ||    22
 Stab: Sleeping          |       |       |     2 |     8 ||    10
       Distracted        |       |       |       |     4 ||     4
  Eat: Chunk             |     6 |     8 |    17 |    13 ||    44
       Meat ration       |       |     1 |     2 |       ||     3
       Royal jelly       |       |       |     1 |     2 ||     3
       Fruit             |       |       |     2 |       ||     2
Armor: Robe              |     4 |     9 |    10 |       ||    23
       Leather armour    |       |       |    29 |    49 ||    78
Dodge: Dodged            |    16 |    33 |   227 |   185 ||   461
